 Dungeon Crawl Stone Soup version 0.30-a0-137-gd8773701ce (webtiles) character file.

Game seed: 15801463168527941933

23 IdlyInterested the Trooper (level 2, -4/24 HPs)
             Began as a Demonspawn Fighter on Sept 21, 2022.
             Slain by Jessica
             ... wielding a +8 club
              (7 damage)
             ... on level 2 of the Dungeon.
             The game lasted 00:01:53 (732 turns).

IdlyInterested the Trooper (Demonspawn Fighter)      Turns: 732, Time: 00:01:54

Health: -4/24      AC:  8    Str: 16    XL:     2   Next: 72%
Magic:  2/2        EV:  8    Int:  9    God:
Gold:   83         SH:  4    Dex: 12    Spells: 1/1 levels left

rFire   . . .      SeeInvis .    a - +0 war axe
rCold   . . .      Faith    .    c - +0 buckler
rNeg    . . .      Spirit   .    b - +0 scale mail
rPois   .          Reflect  .    (no helmet)
rElec   .          Harm     .    (no cloak)
rCorr   .          Rampage  .    (no gloves)
Will    .....                    (no boots)
Stlth   ..........               (no amulet)
HPRegen 0.08/turn                (no ring)
MPRegen 0.08/turn                (no ring)

@: no status effects
A: molten scales 1
a: no special abilities


You were on level 2 of the Dungeon.
You visited 1 branch of the dungeon, and saw 2 of its levels.

You collected 83 gold pieces.

Inventory:

Hand Weapons
 a - a +0 war axe (weapon)
 g - a +0 short sword
 j - a +0 spear
 n - a +0 hand axe
Missiles
 p - 6 silver javelins (quivered)
Armour
 b - a +0 scale mail (worn)
 c - a +0 buckler (worn)
 h - a +0 robe
 m - a +0 leather armour
Scrolls
 e - 2 scrolls of identify {unknown}
 f - a scroll of vulnerability {unknown}
 k - a scroll of enchant weapon {unknown}
 o - a scroll of blinking {unknown}
Potions
 d - a potion of might
 i - a potion of resistance {unknown}
 l - 2 potions of curing {unknown}


   Skills:
 + Level 3.3 Fighting
 + Level 2.2 Axes
 - Level 3.0 Armour
 + Level 2.7 Shields


You had one spell level left.
You didn't know any spells.
Your spell library contained the following spells:

 Spells                   Type           Power      Damage    Failure   Level
 Dazzling Flash           Conj/Hex       0%         N/A       99%         3
 Agony                    Necr           0%         N/A       100%        5
 Silence                  Hex/Air        0%         N/A       100%        5


Dungeon Overview and Level Annotations

Branches:
Dungeon (2/15)

Altars:

Annotations:
D:2 Jessica


Innate Abilities, Weirdness & Mutations

You are partially covered in molten scales. (AC +2)


Message History

You hit the bat.
The bat is moderately wounded.
The bat hits you but does no damage. x2; You block the bat's attack.
You barely miss the bat. The bat hits you but does no damage. x3
You barely miss the bat. You miss the bat. The bat hits you but does no damage.
You block the bat's attack. The bat hits you but does no damage.
The bat barely misses you.
You closely miss the bat. The bat closely misses you.
The bat barely misses you. The bat hits you but does no damage.
You barely miss the bat. You miss the bat. The bat barely misses you.
You block the bat's attack. The bat hits you but does no damage.
You barely miss the bat. You closely miss the bat.
The bat hits you but does no damage. You block the bat's attack. x2
You slash the bat!
You kill the bat!
The bat barely misses you. You block the bat's attack.
You slash the bat!
You kill the bat!
You climb upwards.
There is a stone staircase leading down here.
Things that are here:
a jackal skeleton; a ball python skeleton
There is a stone staircase leading down here.
You climb downwards.
Found a robe.
There is a stone staircase leading up here.
Jessica the Apprentice Sorceress comes into view.
She is wielding a +8 club.
Jessica shouts!
Jessica casts a spell.
Jessica seems to speed up.
Jessica grins evilly.
You see here a +0 robe.
You barely miss Jessica. Jessica hits you with a +8 club.
Jessica barely misses you. Jessica hits you with a +8 club!
You hit Jessica but do no damage.
Jessica points at you and mumbles some strange words.
Pain shoots through your body!
* * * LOW HITPOINT WARNING * * *
Jessica hits you with a +8 club!
You die...

### #<#
#.# #.#
#.# ##
#.# ..
#.#
#######.#
#.#
#.......#
#.#
#..@@#..#
#.......#
#.##.#.##
#<...# #
#.#..#
#.#..#
#.# .#
#.# .#
#.. .


You could see Jessica (fast).

Vanquished Creatures
  2 ball pythons (D:1)
  2 bats (D:2)
  3 giant cockroaches (D:1)
  A goblin (D:1)
  2 hobgoblins (D:1)
  2 jackals (D:1)
  A quokka (D:1)
  2 frilled lizards (D:1)
  A kobold (D:1)
  5 rats (D:1)
21 creatures vanquished.

Vanquished Creatures (others)
  9 toadstools (D:2)
9 creatures vanquished.

Grand Total: 30 creatures vanquished

Notes
Turn   | Place    | Note
-------+----------+-------------------------------------------
     0 | D:1      | IdlyInterested the Demonspawn Fighter began the quest for
                  | the Orb.
     0 | D:1      | Reached XP level 1. HP: 18/18 MP: 1/1
   267 | D:1      | Gained mutation: You are partially covered in molten
                  | scales. (AC +2) [demonic ancestry]
   267 | D:1      | Reached XP level 2. HP: 24/24 MP: 2/2
   728 | D:2      | Noticed Jessica
   732 | D:2      | Slain by Jessica

Illustrated notes

Levels and vault maps discovered:
D:1:      dpeg_chamrin_arrival_tetris, layout_basic, serial_corexii_hall,
          corexii_hall_statues_t, chequers_hall_statues_wall_a,
          chequers_hall_statues_y, corexii_hall_statues_i
D:2:      cheibrodos_fertilizer, layout_basic,
          dreamdust_ecumenical_altar_sealed_demon, minmay_bisected,
          uniq_jessica, uniq_terence

Skill      XL: |  1  2 |
---------------+-------+-----
Axes           | 2 |  2.2
Armour         | 3 |  3.0
Fighting       | |  3.3
Shields        | |  2.7

Action                   || total
-------------------------++-------
Melee: War axe           ||    59
Armor: Scale mail        ||    47
Dodge: Dodged            ||    33
Block: Buckler           ||    18

Table legend: (Time is in decaauts)
 A = Elapsed time spent in this place.
 B = Non-inter-level travel time spent in this place.
 C = Inter-level travel time spent in this place.
 D = Time resting spent in this place.
 E = Time spent auto-exploring this place.
 F = Levels seen in this place.
 G = Mean time per level.
                   A        B        C        D        E       F      G
               +--------+--------+--------+--------+--------+-----+--------+
         Total |    757 |    683 |     74 |      0 |    441 |   2 |  378.5 |
       Dungeon |    757 |    683 |     74 |      0 |    441 |   2 |  378.5 |
               +--------+--------+--------+--------+--------+-----+--------+

Top non-repeatable levels by time:
     D:1: 733 daAuts
     D:2: 24 daAuts
